 Dungeon Crawl Stone Soup version 0.31-a0-466-g98c9adc2b6 (webtiles) character file.

Game seed: 9847531494700046469

256 MisterAzrael the Magician (level 6, -17/45 HPs)
             Began as a Djinni Hexslinger on Aug 5, 2023.
             Killed from afar by Ijyb (22 damage)
             ... with an iceblast
             ... on level 4 of the Dungeon.
             The game lasted 00:06:04 (2563 turns).

MisterAzrael the Magician (Djinni Hexslinger)       Turns: 2563, Time: 00:06:05

Health: -17/45     AC:  2    Str:  7    XL:     6   Next: 38%
Gold:   167        EV: 12    Int: 16    God:
                   SH:  0    Dex: 16

rFire   + + .        j - staff of death
rCold   x . .        (no shield)
rNeg    + . .        c - +0 robe
rPois   ∞            (no helmet)
rElec   .            (no cloak)
rCorr   .            (no gloves)
SInv    .            (boots unavailable)
Will    .....        (no amulet)
Stlth   +            (no ring)
HPRegen 0.27/turn    (no ring)
MPRegen 0.00/turn

%: infuse magic (-18 HP)
@: wereblooded, flying, studying Invocations
A: sickness immunity, fire resistance 2, cold vulnerability 1, float, innate
caster, HP casting, extra vitality 1
a: no special abilities


You were on level 4 of the Dungeon.
You visited 1 branch of the dungeon, and saw 4 of its levels.

You collected 167 gold pieces.

Inventory:

Hand Weapons
 a - a +1 sling
Armour
 c - a +0 robe (worn)
Magical Staves
 j - a staff of death (weapon)
Scrolls
 b - a scroll of poison
 e - 2 scrolls of identify {unknown}
 f - 2 scrolls of enchant armour {unknown}
 i - 2 scrolls of fear {unknown}
 k - 2 scrolls of noise {unknown}
Potions
 d - a potion of might {unknown}
 g - a potion of heal wounds {unknown}
 h - 3 potions of degeneration {unknown}


   Skills:
 + Level 2.9 Fighting
 + Level 2.9 Ranged Weapons
 - Level 2.1 Dodging
 * Level 3.9 Spellcasting
 * Level 3.9 Conjurations
 * Level 3.9 Hexes
   Level 0.0 Charms
 * Level 3.9 Summonings
 * Level 3.9 Necromancy
 * Level 3.9 Translocations
 * Level 3.9 Transmutations
 * Level 3.9 Fire Magic
 * Level 3.9 Ice Magic
 * Level 3.9 Air Magic
 * Level 3.9 Earth Magic
 * Level 3.9 Poison Magic


You knew the following spells:

 Your Spells              Type           Power      Damage    Failure   Level
a - Slow                  Hex            60%        N/A       3%          1
b - Inner Flame           Hex/Fire       15%        N/A       11%         3
c - Portal Projectile     Hex/Tloc       30%        N/A       11%         3
d - Cause Fear            Hex            7%         N/A       34%         4
e - Necrotise             Necr           92%        1d8       3%          1
f - Wereblood             Tmut           15%        N/A       5%          2
Your spell library was empty.

Dungeon Overview and Level Annotations

Branches:
Dungeon (4/15)
 Temple: D:4-7

Altars:
Trog

Annotations:
D:4 Ijyb


Innate Abilities, Weirdness & Mutations

You are immune to sickness and miasma.
You are immune to poison.
Your flesh is very heat resistant. (rF++)
You are vulnerable to cold. (rC-)
You float through the air rather than walking.
You learn spells naturally, not from books.
Your magical power is your life essence.
You have superior vitality. (+4 MHP)


Message History

Ijyb is nearby!
Ijyb is nearby!
You feel a surge of power!
Ijyb shouts!
Ijyb writhes in agony.
Ijyb zaps a wand.
The mass of ice explodes!
The iceblast engulfs you!!
You feel a painful chill!
You hear a shout!
You feel a surge of power!
Ijyb writhes in agony!
You are too injured to fight recklessly!
Casting: Necrotise (safe; 3% risk of failure)
Confirm with . or Enter, or press ? or * to list all spells.
Aiming: Inner Flame (dangerous; 11% risk of failure)
Press: ? - help, Dir - move target, f/p - Ijyb
Aim: Ijyb, wielding a +0 club, wearing a +0 ring mail and carrying a wand of iceblast (severely wounded, chance to affect: 76%) Ijyb is filled with an inner flame.
Ijyb zaps a wand.
The mass of ice explodes!
The iceblast engulfs you!
You feel a painful chill!
* * * LOW HITPOINT WARNING * * *
You are too injured to fight recklessly!
Casting: Inner Flame (dangerous; 11% risk of failure)
Confirm with . or Enter, or press ? or * to list all spells.
Your blood is infused with primal strength.
* * * LOW HITPOINT WARNING * * *
Aiming: Necrotise (safe; 3% risk of failure)
Press: ? - help, Q - select action, (/) - cycle Shift-Dir - straight line, f/p - Ijyb
Aim: Ijyb, wielding a +0 club, wearing a +0 ring mail and carrying a wand of iceblast (severely wounded, inner flame, chance to affect: 87%)
You feel a surge of power!
Ijyb writhes in agony.
Flame seeps out of Ijyb.
* * * LOW HITPOINT WARNING * * *
Ijyb is engulfed in blazing flames.
Flame seeps out of Ijyb.
Ijyb hits you with a +0 club.
* * * LOW HITPOINT WARNING * * *
Aiming: Necrotise (safe; 3% risk of failure)
Press: ? - help, Q - select action, (/) - cycle Shift-Dir - straight line, f/p - Ijyb
Aim: Ijyb, wielding a +0 club, wearing a +0 ring mail and carrying a wand of iceblast (almost dead, inner flame, chance to affect: 87%)
You feel a surge of power!
Ijyb barely resists.
* * * LOW HITPOINT WARNING * * *
Ijyb hits you with a +0 club.
* * * LOW HITPOINT WARNING * * *
Ijyb zaps a wand.
The mass of ice explodes!
The iceblast engulfs you!!
You feel a painful chill!
You die...

... # .... # #>.. #
... # ########.# #
#...##?..# ###
#.#.##g##.# ..#
#...##.##.# #.###
#!...@#..# ....####
#..>.....# .#.....#
#...#....#
...<...###
#.#....###
##.......# #.#....#
##.....#.###.#.<..#
..#.####.....#..#.#
....#
##..##....#...
#.)##
#...#.........#


You could see Ijyb (inner flame).

Vanquished Creatures
  A hound (D:4)
  A jelly (D:3)
  An orc priest (D:4)
  An orc wizard (D:4)
  7 adders
  A worm (D:2)
  2 dart slugs
  2 orcs
  6 endoplasms
  3 giant cockroaches
  7 goblins
  A hobgoblin (D:2)
  4 jackals (D:2)
  3 quokkas
  7 ball pythons
  6 bats
  5 frilled lizards
  3 kobolds
  6 rats
67 creatures vanquished.

Vanquished Creatures (collateral kills)
  A dart slug (D:4)
  An orc (D:4)
2 creatures vanquished.

Vanquished Creatures (others)
  An endoplasm (D:4)
1 creature vanquished.

Grand Total: 70 creatures vanquished

Notes
Turn   | Place    | Note
-------+----------+-------------------------------------------
     0 | D:1      | MisterAzrael the Djinni Hexslinger began the quest for the
                  | Orb.
     0 | D:1      | MisterAzrael set off with the following spells memorised:
                  | Slow, Inner Flame, Portal Projectile, Cause Fear.
     0 | D:1      | Reached XP level 1. HP: 17/17 MP: 0/0
   114 | D:1      | Reached XP level 2. HP: 20/22 MP: 0/0
   216 | D:1      | Reached XP level 3. HP: 21/27 MP: 0/0
   216 | D:1      | Learned a level 1 spell: Necrotise
   931 | D:2      | Reached XP level 4. HP: 33/33 MP: 0/0
  1263 | D:3      | Found a bloodstained altar of Trog.
  1288 | D:3      | Reached XP level 5. HP: 21/38 MP: 0/0
  1288 | D:3      | Learned a level 2 spell: Wereblood
  1771 | D:3      | Found a faded altar of an unknown god.
  1903 | D:4      | Noticed Ijyb
  2232 | D:4      | Reached XP level 6. HP: 30/45 MP: 0/0
  2563 | D:4      | Killed from afar by Ijyb

Illustrated notes

Levels and vault maps discovered:
D:1:      matt_arrival_los_fun, layout_rooms
D:2:      wad_pebble_path, layout_rooms, grunt_ministairs_6
D:3:      layout_loops_ring, old_standard_altar, ebering_ecumenical_altar_webs,
          columned_hall_lemuel
D:4:      layout_rooms, mainiacjoe_overflow_alcove_1,
          nicolae_qazlal_eye_of_the_storm, grunt_decor_mini_mirrors, uniq_ijyb

Skill      XL: |  1  2  3  4 |
---------------+-------------+-----
Ranged Weapons | 2 |  2.9
Spellcasting   | 3 |  3.9
Conjurations   | 3 |  3.9
Hexes          | 3 |  3.9
Summonings     | 3 |  3.9
Necromancy     | 3 |  3.9
Translocations | 3 |  3.9
Transmutations | 3 |  3.9
Fire Magic     | 3 |  3.9
Ice Magic      | 3 |  3.9
Air Magic      | 3 |  3.9
Earth Magic    | 3 |  3.9
Poison Magic   | 3 |  3.9
Fighting       | 2 |  2.9
Dodging        | |  2.1

Action                     |  1- 3 |  4- 6 || total
---------------------------+-------+-------++-------
  Melee: Staff             |       |     1 ||     1
   Fire: Sling             |   106 |    18 ||   124
   Cast: Slow              |    37 |     2 ||    39
         Necrotise         |       |    71 ||    71
         Cause Fear        |       |     2 ||     2
         Inner Flame       |       |     3 ||     3
         Wereblood         |       |     1 ||     1
 Armour: Robe              |    18 |     8 ||    26
  Dodge: Dodged            |    50 |    33 ||    83

Table legend: (Time is in decaauts)
 A = Elapsed time spent in this place.
 B = Non-inter-level travel time spent in this place.
 C = Inter-level travel time spent in this place.
 D = Time resting spent in this place.
 E = Time spent auto-exploring this place.
 F = Levels seen in this place.
 G = Mean time per level.
                   A        B        C        D        E       F      G
               +--------+--------+--------+--------+--------+-----+--------+
         Total |   2600 |   2535 |     65 |    189 |   1764 |   4 |  650.0 |
       Dungeon |   2600 |   2535 |     65 |    189 |   1764 |   4 |  650.0 |
               +--------+--------+--------+--------+--------+-----+--------+

Top non-repeatable levels by time:
     D:3: 857 daAuts
     D:1: 600 daAuts
     D:2: 583 daAuts
     D:4: 559 daAuts
